 Dungeon Crawl Stone Soup version 0.22-a0-40-g3d2f077 (webtiles) character file.

3514 tidbits the Reanimator (level 10, -13/73 HPs)
             Began as a Gnoll Necromancer on Jan 4, 2018.
             Was a Priest of Cheibriados.
             Hit by a large rock thrown by a cyclops (27 damage)
             ... on level 12 of the Dungeon.
             The game lasted 00:27:31 (2933 turns).

tidbits the Reanimator (Gnoll Necromancer)          Turns: 2933, Time: 00:27:32

Health: -13/73     AC: 10    Str: 17    XL:     10   Next: 8%
Magic:  6/20       EV:  9    Int: 27    God:    Cheibriados [***...]
Gold:   262        SH:  0    Dex: 26    Spells: 6/23 levels left

rFire    . . .     SeeInvis +   a - +2 dagger (elec)
rCold    + . .     Gourm    +   (no shield)
rNeg     . . .     Faith    .   B - +2 leather armour {rC+}
rPois    .         Spirit   .   E - +1 helmet
rElec    .         Reflect  .   C - +0 cloak
rCorr    .         Harm     .   G - +0 pair of gloves
MR       .....                  (no boots)
Stlth    ++++......             I - amulet of the gourmand
HPRegen  0.22/turn              (no ring)
MPRegen  0.17/turn              L - ring of see invisible

@: very slightly contaminated, held, very slow
A: distributed training, fangs 1, hooves 1, thin skeletal structure 1, strong
nose
a: Bend Time, Temporal Distortion, Renounce Religion


You were on level 12 of the Dungeon.
You worshipped Cheibriados.
Cheibriados was most pleased with you.
You were not hungry.

You visited 2 branches of the dungeon, and saw 13 of its levels.

You collected 262 gold pieces.

Inventory:

Hand Weapons
 a - a +2 dagger of electrocution (weapon)
   (You took it off a goblin on level 1 of the Dungeon)
 b - the +6 mace "Pafiepo" {pain, rN++ Str+7 Int-5}
   (You found it on level 6 of the Dungeon)

   In the hands of one skilled in necromantic magic, it inflicts extra damage on
   living creatures.
   It affects your strength (+7).
   It affects your intelligence (-5).
   It greatly protects you from negative energy.
 f - a +0 dagger
 j - a +0 hunting sling
 t - a +0 long sword of slicing
   (You found it on level 6 of the Dungeon)
 v - a +0 blowgun
 K - a +4 hand axe of venom
   (You took it off an orc on level 9 of the Dungeon)
 M - the +6 mace of Tenacity {protect, rN+ Str-5 Dex+4}
   (You found it on level 8 of the Dungeon)

   It protects the one who uses it against injury (+AC on strike).
   It affects your strength (-5).
   It affects your dexterity (+4).
   It protects you from negative energy.
 N - a +0 scythe
 O - a +0 long sword
 P - a +3 long sword of slicing
   (You took it off an orc warrior on level 9 of the Dungeon)
 R - a +3 blowgun
Missiles
 k - 35 stones
 m - 20 sling bullets
 n - 71 arrows
 o - 5 javelins
 u - 9 tomahawks (quivered)
 w - 20 poisoned needles
Armour
 e - a +0 robe
 g - a +0 helmet
 B - a +2 leather armour of cold resistance (worn)
   (You took it off Ijyb on level 4 of the Dungeon)
 C - a +0 cloak (worn)
 E - a +1 helmet (worn)
 G - a +0 pair of gloves (worn)
 S - a +0 ring mail
Jewellery
 I - an amulet of the gourmand (around neck)
   (You found it on level 6 of the Dungeon)
 L - a ring of see invisible (right hand)
   (You found it on level 6 of the Dungeon)
Wands
 d - a wand of iceblast (10)
 Q - a wand of polymorph (17)
Scrolls
 h - 2 scrolls of enchant weapon
 i - a scroll of identify
 p - a scroll of amnesia
 q - a scroll of immolation
 r - 3 scrolls of remove curse
 y - a scroll of magic mapping
 z - 3 scrolls of teleportation
 D - a scroll of fog
 F - a scroll of holy word
 J - a scroll of blinking
Potions
 l - 2 potions of mutation {!q}
 s - a potion of brilliance
 x - a potion of flight
Books
 A - a book of Necromancy

   Spells                             Type                      Level
   a - Pain                           Necromancy                   1
   b - Animate Skeleton               Necromancy                   1
   c - Vampiric Draining              Necromancy                   3
   d - Regeneration                   Charms/Necromancy            3
   e - Animate Dead                   Necromancy                   4
   f - Borgnjor's Vile Clutch         Necromancy/Earth             5
Comestibles
 c - 8 rations


   Skills:
 + Level 4.8 Fighting
 + Level 4.8 Short Blades
 + Level 4.8 Long Blades
 + Level 4.8 Axes
 + Level 4.8 Maces & Flails
 + Level 4.8 Polearms
 + Level 4.8 Staves
 + Level 4.8 Slings
 + Level 4.8 Bows
 + Level 4.8 Crossbows
 + Level 4.8 Throwing
 + Level 4.8 Armour
 + Level 6.7 Dodging
 + Level 6.4 Stealth
 + Level 4.8 Shields
 + Level 4.8 Unarmed Combat
 + Level 7.0 Spellcasting
 + Level 4.0 Conjurations
 + Level 4.0 Hexes
 + Level 4.0 Charms
 + Level 4.0 Summonings
 + Level 8.2 Necromancy
 + Level 4.0 Translocations
 + Level 4.0 Transmutations
 + Level 4.0 Fire Magic
 + Level 4.0 Ice Magic
 + Level 4.0 Air Magic
 + Level 4.0 Earth Magic
 + Level 4.0 Poison Magic
 + Level 5.3 Invocations
 + Level 4.8 Evocations


You had 6 spell levels left.
You knew the following spells:

 Your Spells              Type           Power        Failure   Level  Hunger
a - Pain                  Necr           ####         1%          1    None
d - Vampiric Draining     Necr           ######....   1%          3    None
n - Animate Skeleton      Necr           N/A          1%          1    None
r - Regeneration          Chrm/Necr      #####.....   1%          3    None
v - Borgnjor's Vile Clut  Necr/Erth      #####.....   16%         5    #####..
N - Animate Dead          Necr           N/A          2%          4    ##.....


Dungeon Overview and Level Annotations

Branches:
Dungeon (12/15)            Temple (1/1) D:5            Lair (0/6) D:8
    Orc: D:9-12

Altars:
Ashenzari
Cheibriados
Dithmenos
Gozag
Makhleb
Nemelex Xobeh
Okawaru
Sif Muna
Trog

Annotations:
D:12 exclusion: slime creature, Harold


Innate Abilities, Weirdness & Mutations

Your experience applies equally to all skills.
You have very sharp teeth.
Your uncanny sense of smell can sniff out nearby items.
You have large cloven feet.
You have a somewhat thin skeletal structure. (Dex +2, Stealth)


Message History

s - 3 scrolls of remove curse Adjust to which letter? (? for menu, Esc to quit)
r - 3 scrolls of remove curse;
s - a potion of brilliance Drop what? 46/52 slots (_ for help) (? for menu, Esc to quit)
You remove your -3 ring of dexterity.
You feel agile.
You drop a -3 ring of dexterity.
Okay, then.
A slime creature comes into view. 2 slime creatures come into view.
You swap places.
Press: ? - help, . - travel You can't see that place. [the floor.] Placed new exclusion.
You see here a -3 ring of dexterity.
There is an open door here.
You open the door.
There is an open door here.
You open the door. 4 yaks, a deep elf mage, a cyclops and Harold come into view.
Harold is wielding a battleaxe of flaming.
The deep elf mage is wielding a long sword of flaming.
The yak bellows!
The cyclops shouts!
The yak bellows! x2
Harold throws a throwing net.
The throwing net hits you.
You become entangled in the net!
The cyclops throws a large rock.
The large rock barely misses you.
Found 11 gold pieces.
There is an open door here.
Things that are here:
a large rock; a throwing net {!f} You tear a large gash into the net.
The cyclops throws a large rock.
The large rock hits you! The yak gores you!
* * * LOW HITPOINT WARNING * * *
Harold mumbles some strange words.
Harold blinks!
You struggle against the net.
The yak gores you!
* * * LOW HITPOINT WARNING * * *
The yak gores you but does no damage.
You rip the net and break free!
The deep elf mage misses you. The yak gores you but does no damage.
The yak closely misses you.
Casting: Animate Skeleton
Confirm with . or Enter, or press ? or * to list all spells.
Aiming: Borgnjor's Vile Clutch
Press: ? - help, Dir - move target cursor, f - yak
Aim: a yak Decaying hands burst forth from the earth!
Zombie hands grab the yak. x2; Zombie hands grab the deep elf mage.
Zombie hands grab the yak.
Zombie hands grab the cyclops.
The zombie hands constrict the yak! x2; The zombie hands constrict the yak.
The zombie hands constrict the deep elf mage!
The zombie hands constrict the cyclops!
The yak gores you!
* * * LOW HITPOINT WARNING * * *
The yak gores you but does no damage.
The deep elf mage gestures wildly while chanting.
The deep elf mage struggles to blink free from constriction.
Unknown command.
You feel much better.
The zombie hands constrict the yak! x3
The zombie hands constrict the deep elf mage!
The zombie hands constrict the cyclops!
The yak closely misses you. The yak gores you!
* * * LOW HITPOINT WARNING * * *
Harold drinks a potion.
Harold seems to speed up.
The deep elf mage closely misses you.
You barely miss the deep elf mage. You kick the deep elf mage.
Your bite misses the deep elf mage.
The deep elf mage is heavily wounded.
The zombie hands constrict the yak! x3
The zombie hands constrict the deep elf mage!
The zombie hands constrict the cyclops!
Harold shouts, "Can you die now?
I had plans for the rest of the day!"
The yak completely misses you. The yak gores you!
* * * LOW HITPOINT WARNING * * *
You hit the deep elf mage but do no damage.
You kick the deep elf mage, but do no damage.
The deep elf mage is almost dead.
The zombie hands constrict the yak!
You kill the yak!
Cheibriados thoroughly appreciates the change of pace.
Your Spellcasting skill increases to level 7!
You have reached level 10!
The zombie hands constrict the yak.
You kill the yak!
Cheibriados appreciates the change of pace.
Your Conjurations skill increases to level 4!
Your Hexes skill increases to level 4!
Your Charms skill increases to level 4!
Your Summonings skill increases to level 4!
Your Translocations skill increases to level 4!
Your Transmutations skill increases to level 4!
Your Fire Magic skill increases to level 4!
Your Ice Magic skill increases to level 4!
Your Air Magic skill increases to level 4!
Your Earth Magic skill increases to level 4!
Your Poison Magic skill increases to level 4!
The zombie hands constrict the yak!
The zombie hands constrict the deep elf mage.
The zombie hands constrict the cyclops!
Harold throws a throwing net.
The throwing net hits you.
You become entangled in the net!
The deep elf mage mumbles some strange words.
The cyclops throws a large rock.
The large rock hits you!!
You die...

#.## #..# ##.## #..#
##=# #######'###
#+##### #<..%.....#
......#
#.........####e@....#
#.......).##Z@†E....#
#.........'..#YC....#
+.........####Y.....#
#.........# .$....#
###+####### ####+## ∆
∆


You could see Harold, a cyclops, an earth elemental, a deep elf mage, 2 yaks and
a friendly bullfrog skeleton.

Vanquished Creatures
  A gargoyle (D:11)
  The ghost of tidbits the Grave Robber, an amateur GnNe (D:6)
  2 yaks (D:12)
  Menkaure (D:6)
  2 orc warriors (D:9)
  4 porcupines (D:8)
  A sky beast (D:5)
  An ice beast (D:6)
  A black bear (D:8)
  An ogre (D:9)
  A big kobold (D:10)
  4 bullfrogs
  A scorpion (D:7)
  2 wights (D:6)
  5 howler monkeys
  4 crimson imps
  5 orc wizards
  Crazy Yiuf (D:6)
  A bullfrog skeleton (D:5)
  5 orc priests
  A centaur skeleton (D:6)
  A jelly (D:6)
  Jessica (D:2)
  2 iguanas
  Ijyb (D:4)
  5 worker ants
  A killer bee zombie (D:6)
  A hound skeleton (D:4)
  A howler monkey skeleton (D:9)
  Robin (D:4)
  5 gnolls (D:5)
  5 adders
  An ooze (D:1)
  2 adder skeletons
  A dart slug (D:1)
  3 leopard geckos
  29 orcs
  5 giant cockroaches
  11 goblins
  13 hobgoblins
  13 jackals
  3 quokkas
  3 ball pythons
  4 bats (D:1)
  3 frilled lizards
  A jackal zombie (D:5)
  11 kobolds
  A quokka skeleton (D:5)
  9 rats
182 creatures vanquished.

Vanquished Creatures (collateral kills)
  An orc (D:9)
  A kobold (D:9)
2 creatures vanquished.

Vanquished Creatures (others)
  13 fungi (D:8)
  3 plants (D:8)
16 creatures vanquished.

Grand Total: 200 creatures vanquished

Notes
Turn   | Place    | Note
-------+----------+-------------------------------------------
     0 | D:1      | tidbits the Gnoll Necromancer began the quest for the Orb.
     0 | D:1      | Reached XP level 1. HP: 13/13 MP: 6/6
   124 | D:1      | Reached XP level 2. HP: 8/19 MP: 5/7
   127 | D:1      | Learned a level 1 spell: Animate Skeleton
   418 | D:1      | Reached XP level 3. HP: 20/25 MP: 7/9
   423 | D:1      | Learned a level 3 spell: Vampiric Draining
   427 | D:1      | Learned a level 3 spell: Regeneration
   463 | D:2      | Noticed Jessica
   465 | D:2      | Killed Jessica
   465 | D:2      | Reached skill level 5 in Spellcasting
   465 | D:2      | Reached skill level 1 in Invocations
   501 | D:1      | Reached skill level 1 in Fighting
   501 | D:1      | Reached skill level 1 in Short Blades
   501 | D:1      | Reached skill level 1 in Long Blades
   501 | D:1      | Reached skill level 1 in Axes
   501 | D:1      | Reached skill level 1 in Maces & Flails
   501 | D:1      | Reached skill level 1 in Polearms
   501 | D:1      | Reached skill level 1 in Staves
   501 | D:1      | Reached skill level 1 in Slings
   501 | D:1      | Reached skill level 1 in Bows
   501 | D:1      | Reached skill level 1 in Crossbows
   501 | D:1      | Reached skill level 1 in Throwing
   501 | D:1      | Reached skill level 1 in Armour
   501 | D:1      | Reached skill level 1 in Shields
   501 | D:1      | Reached skill level 1 in Unarmed Combat
   501 | D:1      | Reached skill level 1 in Evocations
   573 | D:1      | Reached XP level 4. HP: 31/32 MP: 8/11
   908 | D:3      | Found a sparkling altar of Nemelex Xobeh.
   942 | D:3      | Reached skill level 1 in Conjurations
   942 | D:3      | Reached skill level 1 in Hexes
   942 | D:3      | Reached skill level 1 in Charms
   942 | D:3      | Reached skill level 1 in Summonings
   942 | D:3      | Reached skill level 1 in Translocations
   942 | D:3      | Reached skill level 1 in Transmutations
   942 | D:3      | Reached skill level 1 in Fire Magic
   942 | D:3      | Reached skill level 1 in Ice Magic
   942 | D:3      | Reached skill level 1 in Air Magic
   942 | D:3      | Reached skill level 1 in Earth Magic
   942 | D:3      | Reached skill level 1 in Poison Magic
   971 | D:3      | Reached XP level 5. HP: 23/37 MP: 4/12
  1045 | D:4      | Noticed Ijyb
  1051 | D:4      | Killed Ijyb
  1059 | D:4      | Noticed a phantom
  1104 | D:4      | Reached XP level 6. HP: 41/44 MP: 2/13
  1135 | D:4      | Gained mutation: Your magical capacity is low. (-10% MP) [potion of mutation]
  1135 | D:4      | Gained mutation: You have large cloven feet. [potion of mutation]
  1135 | D:4      | Lost mutation: Your magical capacity is low. (-10% MP) [potion of mutation]
  1135 | D:4      | Gained mutation: You have a somewhat thin skeletal structure. (Dex +2, Stealth) [potion of mutation]
  1139 | D:4      | Reached skill level 2 in Invocations
  1173 | D:4      | Reached skill level 5 in Dodging
  1180 | D:4      | Reached skill level 2 in Fighting
  1180 | D:4      | Reached skill level 2 in Short Blades
  1180 | D:4      | Reached skill level 2 in Long Blades
  1180 | D:4      | Reached skill level 2 in Axes
  1180 | D:4      | Reached skill level 2 in Maces & Flails
  1180 | D:4      | Reached skill level 2 in Polearms
  1180 | D:4      | Reached skill level 2 in Staves
  1180 | D:4      | Reached skill level 2 in Slings
  1180 | D:4      | Reached skill level 2 in Bows
  1180 | D:4      | Reached skill level 2 in Crossbows
  1180 | D:4      | Reached skill level 2 in Throwing
  1180 | D:4      | Reached skill level 2 in Armour
  1180 | D:4      | Reached skill level 2 in Shields
  1180 | D:4      | Reached skill level 2 in Unarmed Combat
  1180 | D:4      | Reached skill level 2 in Evocations
  1219 | D:5      | Entered Level 5 of the Dungeon
  1277 | D:4      | Noticed Robin
  1300 | D:4      | Killed Robin
  1387 | D:4      | Learned a level 5 spell: Borgnjor's Vile Clutch
  1404 | D:5      | Reached XP level 7. HP: 42/50 MP: 8/15
  1431 | D:5      | Found a staircase to the Ecumenical Temple.
  1442 | Temple   | Entered the Ecumenical Temple
  1462 | Temple   | Became a worshipper of Cheibriados the Contemplative
  1495 | D:6      | Noticed Menkaure
  1506 | D:6      | Killed Menkaure
  1506 | D:6      | Reached skill level 2 in Conjurations
  1506 | D:6      | Reached skill level 2 in Hexes
  1506 | D:6      | Reached skill level 2 in Charms
  1506 | D:6      | Reached skill level 2 in Summonings
  1506 | D:6      | Reached skill level 2 in Translocations
  1506 | D:6      | Reached skill level 2 in Transmutations
  1506 | D:6      | Reached skill level 2 in Fire Magic
  1506 | D:6      | Reached skill level 2 in Ice Magic
  1506 | D:6      | Reached skill level 2 in Air Magic
  1506 | D:6      | Reached skill level 2 in Earth Magic
  1506 | D:6      | Reached skill level 2 in Poison Magic
  1694 | D:6      | Reached skill level 5 in Stealth
  1729 | D:6      | Noticed tidbits's ghost (amateur GnNe)
  1733 | D:6      | Was placed under penance by Cheibriados
  1741 | D:6      | Killed tidbits's ghost
  1741 | D:6      | Was forgiven by Cheibriados
  1741 | D:6      | Reached skill level 3 in Invocations
  1741 | D:6      | Reached XP level 8. HP: 57/57 MP: 16/16
  1745 | D:6      | Reached skill level 3 in Fighting
  1745 | D:6      | Reached skill level 3 in Short Blades
  1745 | D:6      | Reached skill level 3 in Long Blades
  1745 | D:6      | Reached skill level 3 in Axes
  1745 | D:6      | Reached skill level 3 in Maces & Flails
  1745 | D:6      | Reached skill level 3 in Polearms
  1745 | D:6      | Reached skill level 3 in Staves
  1745 | D:6      | Reached skill level 3 in Slings
  1745 | D:6      | Reached skill level 3 in Bows
  1745 | D:6      | Reached skill level 3 in Crossbows
  1745 | D:6      | Reached skill level 3 in Throwing
  1745 | D:6      | Reached skill level 3 in Armour
  1745 | D:6      | Reached skill level 3 in Shields
  1745 | D:6      | Reached skill level 3 in Unarmed Combat
  1745 | D:6      | Reached skill level 3 in Evocations
  1798 | D:6      | HP: 5/58 [something (2)]
  1815 | D:6      | Found an opulent altar of Gozag.
  1818 | D:6      | Reached skill level 6 in Spellcasting
  1912 | D:5      | Found an iron altar of Okawaru.
  1985 | D:6      | Found a runed door.
  1989 | D:6      | Noticed Crazy Yiuf
  1993 | D:6      | Killed Crazy Yiuf
  1993 | D:6      | Reached * piety under Cheibriados
  2004 | D:6      | Got an encrusted mace
  2005 | D:6      | Identified the +6 mace "Pafiepo" {pain, rN++ Str+7 Int-5} (You found it on level 6 of the Dungeon)
  2014 | D:6      | Learned a level 4 spell: Animate Dead
  2337 | D:9      | Reached skill level 4 in Invocations
  2337 | D:9      | Reached skill level 3 in Conjurations
  2337 | D:9      | Reached skill level 3 in Hexes
  2337 | D:9      | Reached skill level 3 in Charms
  2337 | D:9      | Reached skill level 3 in Summonings
  2337 | D:9      | Reached skill level 3 in Translocations
  2337 | D:9      | Reached skill level 3 in Transmutations
  2337 | D:9      | Reached skill level 3 in Fire Magic
  2337 | D:9      | Reached skill level 3 in Ice Magic
  2337 | D:9      | Reached skill level 3 in Air Magic
  2337 | D:9      | Reached skill level 3 in Earth Magic
  2337 | D:9      | Reached skill level 3 in Poison Magic
  2339 | D:9      | Reached skill level 6 in Dodging
  2339 | D:9      | Reached XP level 9. HP: 43/65 MP: 12/18
  2390 | D:8      | Got an ivory mace
  2395 | D:8      | Identified the +6 mace of Tenacity {protect, rN+ Str-5 Dex+4} (You found it on level 8 of the Dungeon)
  2452 | D:8      | Found a staircase to the Lair.
  2477 | D:8      | Reached ** piety under Cheibriados
  2482 | D:8      | Reached skill level 4 in Fighting
  2482 | D:8      | Reached skill level 4 in Short Blades
  2482 | D:8      | Reached skill level 4 in Long Blades
  2482 | D:8      | Reached skill level 4 in Axes
  2482 | D:8      | Reached skill level 4 in Maces & Flails
  2482 | D:8      | Reached skill level 4 in Polearms
  2482 | D:8      | Reached skill level 4 in Staves
  2482 | D:8      | Reached skill level 4 in Slings
  2482 | D:8      | Reached skill level 4 in Bows
  2482 | D:8      | Reached skill level 4 in Crossbows
  2482 | D:8      | Reached skill level 4 in Throwing
  2482 | D:8      | Reached skill level 4 in Armour
  2482 | D:8      | Reached skill level 4 in Shields
  2482 | D:8      | Reached skill level 4 in Unarmed Combat
  2482 | D:8      | Reached skill level 4 in Evocations
  2518 | D:8      | Reached skill level 6 in Stealth
  2518 | D:8      | Reached skill level 8 in Necromancy
  2678 | D:10     | Entered Level 10 of the Dungeon
  2777 | D:10     | Reached *** piety under Cheibriados
  2849 | D:11     | Noticed a gargoyle
  2860 | D:11     | Killed a gargoyle
  2860 | D:11     | Reached skill level 5 in Invocations
  2925 | D:12     | Noticed Harold
  2925 | D:12     | Noticed a deep elf mage
  2925 | D:12     | Noticed a cyclops
  2930 | D:12     | HP: 6/66 [yak (13)]
  2933 | D:12     | Reached skill level 7 in Spellcasting
  2933 | D:12     | Reached XP level 10. HP: 14/73 MP: 6/20
  2933 | D:12     | Reached skill level 4 in Conjurations
  2933 | D:12     | Reached skill level 4 in Hexes
  2933 | D:12     | Reached skill level 4 in Charms
  2933 | D:12     | Reached skill level 4 in Summonings
  2933 | D:12     | Reached skill level 4 in Translocations
  2933 | D:12     | Reached skill level 4 in Transmutations
  2933 | D:12     | Reached skill level 4 in Fire Magic
  2933 | D:12     | Reached skill level 4 in Ice Magic
  2933 | D:12     | Reached skill level 4 in Air Magic
  2933 | D:12     | Reached skill level 4 in Earth Magic
  2933 | D:12     | Reached skill level 4 in Poison Magic
  2933 | D:12     | Hit by a large rock thrown by a cyclops

Vault maps used:
D:1:      elethiomel_arrival_diamonds, minivault_27
D:2:      uniq_jessica
D:3:      cheibrodos_old_hovel, nemelex_xobeh_ov_fountains_minmay
D:4:      nicolae_overflow_hidden_temple, uniq_eustachio, uniq_ijyb, uniq_robin
D:5:      marbit_many_paths, minmay_temple_entry_grid, first_ration,
          okawaru_ov_weapons_minmay
D:6:      nicolae_gozag_seed_capital, nicolae_tso_carved_into_rock,
          uniq_menkaure, uniq_crazy_yiuf_cottage
D:7:      kennysheep_mini_moat, grunt_qazlal_clouds, serial_shops, shop
D:8:      kiku_gazebo_garden_becter, due_lair_maze_entry_diamond,
          kennysheep_pointless_box, minmay_bent
D:10:     uniq_snorg, uniq_nergalle
D:11:     uniq_psyche, uniq_urug
D:12:     david_orc_4, serial_shops, shop, uniq_harold
Temple:   regret_index_temple_waves

Skill      XL: |  1  2  3  4  5  6  7  8  9 10 |
---------------+-------------------------------+-----
Spellcasting   | 5 6 7 |  7.0
Invocations    | 1 2 3 4 5 |  5.3
Fighting       | 1 2 3 4 |  4.8
Short Blades   | 1 2 3 4 |  4.8
Long Blades    | 1 2 3 4 |  4.8
Axes           | 1 2 3 4 |  4.8
Maces & Flails | 1 2 3 4 |  4.8
Polearms       | 1 2 3 4 |  4.8
Staves         | 1 2 3 4 |  4.8
Slings         | 1 2 3 4 |  4.8
Bows           | 1 2 3 4 |  4.8
Crossbows      | 1 2 3 4 |  4.8
Throwing       | 1 2 3 4 |  4.8
Armour         | 1 2 3 4 |  4.8
Shields        | 1 2 3 4 |  4.8
Unarmed Combat | 1 2 3 4 |  4.8
Evocations     | 1 2 3 4 |  4.8
Conjurations   | 1 2 3 4 |  4.0
Hexes          | 1 2 3 4 |  4.0
Charms         | 1 2 3 4 |  4.0
Summonings     | 1 2 3 4 |  4.0
Translocations | 1 2 3 4 |  4.0
Transmutations | 1 2 3 4 |  4.0
Fire Magic     | 1 2 3 4 |  4.0
Ice Magic      | 1 2 3 4 |  4.0
Air Magic      | 1 2 3 4 |  4.0
Earth Magic    | 1 2 3 4 |  4.0
Poison Magic   | 1 2 3 4 |  4.0
Dodging        | 5 6 |  6.7
Stealth        | 5 6 |  6.4
Necromancy     | 8 |  8.2

Action                   |  1- 3 |  4- 6 |  7- 9 | 10-12 || total
-------------------------+-------+-------+-------+-------++-------
Melee: Dagger            |    19 |   107 |   221 |       ||   347
       Bite              |     1 |    13 |    31 |       ||    45
       Kick              |       |    15 |    77 |       ||    92
       Punch             |       |     1 |     4 |       ||     5
 Fire: Hunting sling     |       |       |     3 |       ||     3
 Cast: Pain              |    24 |    47 |    26 |       ||    97
       Regeneration      |     1 |     6 |     6 |       ||    13
       Vampiric Draining |       |     9 |     7 |       ||    16
       Animate Skeleton  |       |       |     4 |       ||     4
       Borgnjor's Vile C |       |       |     5 |       ||     5
Evoke: Wand              |       |       |     8 |       ||     8
  Use: Potion            |       |     4 |     2 |       ||     6
       Scroll            |       |     2 |    17 |       ||    19
 Stab: Sleeping          |     2 |     3 |     6 |       ||    11
  Eat: Ration            |     1 |       |     1 |       ||     2
       Chunk             |       |       |     3 |       ||     3
Armor: Robe              |     5 |    13 |     5 |       ||    23
       Skin              |       |       |    11 |       ||    11
       Leather armour    |       |       |    47 |       ||    47
Dodge: Dodged            |    23 |    67 |   199 |       ||   289

Table legend:
 A = Spawn XP
 B = Non-spawn XP
 C = Spawn XP percentage of total XP
 D = Spawn monster count
 E = Non-spawn monster count
 F = Spawn count percentage of total count
 G = Total turns spent on level
                    A         B        C        D         E        F      G
               +---------+---------+-------+---------+---------+-------+---------
         Total |       0 |    5020 |   0.0 |       0 |     184 |   0.0 |  2933
               +---------+---------+-------+---------+---------+-------+---------
           D:1 |       0 |      45 |   0.0 |       0 |      25 |   0.0 |   456
           D:2 |       0 |      67 |   0.0 |       0 |      13 |   0.0 |   410
           D:3 |       0 |      98 |   0.0 |       0 |      17 |   0.0 |   167
           D:4 |       0 |     397 |   0.0 |       0 |      28 |   0.0 |   349
           D:5 |       0 |     378 |   0.0 |       0 |      20 |   0.0 |   287
           D:6 |       0 |     980 |   0.0 |       0 |      19 |   0.0 |   455
           D:7 |       0 |      70 |   0.0 |       0 |       2 |   0.0 |    45
           D:8 |       0 |    1018 |   0.0 |       0 |      16 |   0.0 |   248
           D:9 |       0 |     717 |   0.0 |       0 |      20 |   0.0 |   220
          D:10 |       0 |     243 |   0.0 |       0 |      15 |   0.0 |   168
          D:11 |       0 |     519 |   0.0 |       0 |       6 |   0.0 |    43
          D:12 |       0 |     488 |   0.0 |       0 |       3 |   0.0 |    44
               +---------+---------+-------+---------+---------+-------+---------

Table legend:
 A = Turns spent in this place as a percentage of turns spent in the entire game.
 B = Non-inter-level travel turns spent in this place as a percentage of non-inter-level travel turns spent in the entire game.
 C = Inter-level travel turns spent in this place as a percentage of turns spent in this place.
 D = Turns resting spent in this place as a percentage of non-inter-level travel turns spent in this place.
 E = Turns spent auto-exploring this place as a percentage of non-inter-level travel turns spent in this place.
 F = Non-inter-level travel turns spent in this place divided by the number of levels of this place that you've seen.
                   A       B       C       D       E      F
               +-------+-------+-------+-------+-------+----------------------
         Total | 100.0 | 100.0 |   1.5 |   0.2 |   0.0 | 222.3
       Dungeon |  98.6 |  99.2 |   0.8 |   0.2 |   0.0 | 239.0
        Temple |   1.4 |   0.8 |  46.3 |   0.0 |   0.0 |  22.0
               +-------+-------+-------+-------+-------+----------------------

Table legend:
 A = Kills in this place as a percentage of kills in entire the game.
 B = Kills by you in this place as a percentage of kills by you in the entire game.
 C = Kills by friends in this place as a percentage of kills by friends in the entire game.
 D = Other kills in this place as a percentage of other kills in the entire game.
 E = Experience gained in this place as a percentage of experience gained in the entire game.
 F = Experience gained in this place divided by the number of levels of this place that you have seen.
                   A       B       C       D       E      F
               +-------+-------+-------+-------+-------+----------------------
         Total | 100.0 | 100.0 | 100.0 |   N/A | 100.0 | 386.2
       Dungeon | 100.0 | 100.0 | 100.0 |   N/A | 100.0 | 418.3
               +-------+-------+-------+-------+-------+----------------------

Vault maps used:
D:1:      elethiomel_arrival_diamonds, minivault_27
D:2:      uniq_jessica
D:3:      cheibrodos_old_hovel, nemelex_xobeh_ov_fountains_minmay
D:4:      nicolae_overflow_hidden_temple, uniq_eustachio, uniq_ijyb, uniq_robin
D:5:      marbit_many_paths, minmay_temple_entry_grid, first_ration,
          okawaru_ov_weapons_minmay
D:6:      nicolae_gozag_seed_capital, nicolae_tso_carved_into_rock,
          uniq_menkaure, uniq_crazy_yiuf_cottage
D:7:      kennysheep_mini_moat, grunt_qazlal_clouds, serial_shops, shop
D:8:      kiku_gazebo_garden_becter, due_lair_maze_entry_diamond,
          kennysheep_pointless_box, minmay_bent
D:10:     uniq_snorg, uniq_nergalle
D:11:     uniq_psyche, uniq_urug
D:12:     david_orc_4, serial_shops, shop, uniq_harold
Temple:   regret_index_temple_waves
